 Dungeon Crawl Stone Soup version 0.18-a0-1418-ga86aa8f (webtiles) character file.

95 Ijustatesigmund the Insei (level 4, -4/33 HPs)
             Began as an Octopode Monk on Feb 26, 2016.
             Slain by a gnoll
             ... wielding a +2 halberd of protection
              (12 damage)
             ... on level 3 of the Dungeon.
             The game lasted 00:06:09 (2007 turns).

Ijustatesigmund the Insei (Octopode Monk)           Turns: 2007, Time: 00:06:09

Health: -4/33      AC:  1    Str: 11    XL:     4   Next: 66%
Magic:  4/4        EV: 13    Int: 12    God:
Gold:   125        SH:  0    Dex: 14    Spells: 0 memorised, 3 levels left

rFire  . . .     SeeInvis +       - Unarmed
rCold  . . .     Gourm    .     (no shield)
rNeg   . . .     Faith    .     (helmet restricted)
rPois  .         Spirit   .     (no amulet)
rElec  .         Dismiss  .     f - ring of see invisible
rCorr  .         Reflect  .     (no ring)
SustAt .         Harm     .     (no ring)
MR     .....                    (no ring)
Stlth  ++++......               (no ring)
                                (no ring)
                                (no ring)
                                (no ring)

@: not resistant to hostile enchantments, stealthy
A: almost no armour, amphibious, 8 rings, constrict 8, camouflage 1, gelatinous
body 1
a: no special abilities


You were on level 3 of the Dungeon.
You were not hungry.

You visited 1 branch of the dungeon, and saw 3 of its levels.

You collected 125 gold pieces.

Inventory:

Jewellery
 f - a ring of see invisible (left tentacle)
Scrolls
 h - a scroll of remove curse
 i - 4 scrolls of recharging
Potions
 c - a potion of haste
 d - a potion of berserk rage {unknown}
 e - 2 potions of might {unknown}
 g - a potion of brilliance
 j - a potion of mutation {unknown}
Comestibles
 a - 3 bread rations
 b - 10 fruits


   Skills:
 * Level 3.8 Fighting
 - Level 3.0 Dodging
 + Level 4.4 Stealth
 * Level 4.7 Unarmed Combat


You had 3 spell levels left.
You didn't know any spells.

Dungeon Overview and Level Annotations

Branches:
Dungeon (3/15)

Altars:
Fedhas
Kikubaaqudgha


Innate Abilities, Weirdness & Mutations

You cannot wear most types of armour.
You are amphibious.
You can wear up to eight rings at the same time.
You can use your tentacles to constrict eight enemies at once.
Your skin changes colour to match your surroundings (Stealth).
Your rubbery body absorbs attacks (AC +1).


Message History

Miasma emanates from the human's flesh.
You tentacle-slap the gnoll.
The gnoll is moderately wounded.
You constrict the gnoll.
The gnoll shouts!
You hear a shout!
The human is engulfed in dark miasma.
The human is poisoned.
The human seems to slow down.
The gnoll hits you with a whip. The gnoll misses you.
You tentacle-slap the gnoll. You squeeze the gnoll.
You kill the gnoll!
The gnoll misses you. The gnoll hits you with a whip.
The human is engulfed in dark miasma.
The human looks even sicker.
The human dies!
The human rises from the dead!
You tentacle-slap the gnoll. You grab the gnoll. You tentacle-slap the gnoll.
The gnoll is almost dead.
You constrict the gnoll. The gnoll hits you with a whip!
* * * LOW HITPOINT WARNING * * *
The gnoll hits you from afar with a halberd of protection!
You die...

****************
*,,,,,,,,,,,,,,*
####.#***********,*
.....# ****,*
###### #,,,,* ..#
#g**,* #.#
#g#######
#.#######*
#...g####
.........*
#.)@.#Z##
#.######,*
#....#### ..### *,*
######### ....# *,*
*,* ..#.# *,* ***,*
#.#.# *,******>*,*
#.#,#***,,,,,,,,,,*
......*********,***
......* *,*******


You could see 2 gnolls, a human zombie and a hobgoblin.

Vanquished Creatures
  An orc priest (D:3)
  A gnoll (D:3)
  2 giant geckos (D:1)
  2 orcs (D:3)
  4 giant cockroaches
  10 goblins
  6 hobgoblins
  7 kobolds
  A quokka (D:2)
  2 ball pythons (D:1)
  4 bats (D:1)
  3 giant newts
  8 rats
51 creatures vanquished.

Vanquished Creatures (others)
  A human (D:3)
1 creature vanquished.

Grand Total: 52 creatures vanquished

Notes
Turn   | Place    | Note
--------------------------------------------------------------
     0 | D:1      | Ijustatesigmund the Octopode Monk began the quest for the Orb.
     0 | D:1      | Reached XP level 1. HP: 16/16 MP: 1/1
    89 | D:1      | Reached XP level 2. HP: 21/21 MP: 2/2
   375 | D:1      | Reached XP level 3. HP: 18/26 MP: 3/3
  1378 | D:2      | Found a blossoming altar of Fedhas.
  1677 | D:3      | Found a faded altar to an unknown god.
  1729 | D:3      | Reached XP level 4. HP: 28/31 MP: 4/4
  2003 | D:3      | Found an ancient bone altar of Kikubaaqudgha.
  2003 | D:3      | Noticed a human
  2006 | D:3      | Killed a human
  2007 | D:3      | Slain by a gnoll

Vault maps used:
D:1:      sevenhm_arrival_forest_fort_large_1, corexii_item_surrounded_by_moat
D:2:      nicolae_overflow_crystal_walls
D:3:      zin_statuary, ecumenical_altar_1, tgw_kikubaaqudgha

Skill      XL: |  1  2  3 |
---------------+----------+-----
Stealth        | 3 4 |  4.4
Fighting       | |  3.8
Dodging        | |  3.0
Unarmed Combat | |  4.7

Action                   |  1- 3 |  4- 6 || total
-------------------------+-------+-------++-------
Melee: Unarmed           |    92 |     7 ||    99
  Use: Scroll            |     8 |       ||     8
 Stab: Sleeping          |    23 |     1 ||    24
       Distracted        |     1 |       ||     1
  Eat: Chunk             |     2 |     1 ||     3
